 Dungeon Crawl Stone Soup version 0.30-a0-311-gf115ab0292 (webtiles) character file.

Game seed: 1707644227443096911

65 ytrimaz the Trooper (level 3, 30/30 HPs)
             Began as a Demonspawn Berserker on Oct 25, 2022.
             Was a Believer of Trog.
             Quit the game on level 2 of the Dungeon.
             The game lasted 00:01:26 (1101 turns).

ytrimaz the Trooper (Demonspawn Berserker)          Turns: 1101, Time: 00:01:27

Health: 30/30      AC:  2    Str: 19    XL:     3   Next: 94%
Magic:  3/3        EV:  9    Int:  8    God:    Trog [**....]
Gold:   108        SH:  0    Dex: 12    Spells: 2/2 levels left

rFire   . . .      SeeInvis .    a - +0 hand axe
rCold   . . .      Faith    .    (no shield)
rNeg    . . .      Spirit   .    b - +0 animal skin
rPois   .          Reflect  .    (helmet restricted)
rElec   .          Harm     .    (no cloak)
rCorr   .          Rampage  .    (no gloves)
Will    .....                    (no boots)
Stlth   +.........               (no amulet)
HPRegen 0.25/turn                (no ring)
MPRegen 0.08/turn                (no ring)

@: constricted
A: antennae 2
a: Renounce Religion, Berserk, Trog's Hand


You were on level 2 of the Dungeon.
You worshipped Trog.
Trog was pleased with you.
You visited 1 branch of the dungeon, and saw 2 of its levels.

You collected 108 gold pieces.


Innate Abilities, Weirdness & Mutations

You have a pair of antennae on your head.


   Skills:
 + Level 4.0 Fighting
 + Level 3.6 Axes
 - Level 1.7 Armour
 - Level 1.7 Dodging


You had 2 spell levels left.
You didn't know any spells.
Your spell library was empty.

Inventory:

Hand Weapons
 a - a +0 hand axe (weapon)
Armour
 b - a +0 animal skin (worn)
Jewellery
 d - an amulet of magic regeneration
   (You found it on level 1 of the Dungeon)
Scrolls
 e - 2 scrolls of identify {unknown}
 f - a scroll of noise {unknown}
 j - a scroll of teleportation {unknown}
 k - a scroll of poison {unknown}
Potions
 c - a potion of curing {unknown}
 g - 2 potions of magic {unknown}
 h - a potion of flight {unknown}
 i - 2 potions of heal wounds {unknown}

Dungeon Overview and Level Annotations

Branches:
Dungeon (2/15) Zot: 10868

Altars:

.....##.#####....
##......#?.[#.....# ..
#.....)#...#..#..# #..
#......#...#.....###...
###...##.###.# .........
......#.#...#.#.........
##..##.##...##.# ...>...
....#.#.......#.#S...#
#.##.##..###..##@#
#.#(#...## ##...#(#
#.###..## ##..###
#.....## ##.... ....#.#
##..... #####.# ##### #
#.# # #.# # #.#


You could see a ball python.


Message History

You closely miss the kobold. The kobold hits you but does no damage.
A goblin comes into view. It is wielding a +0 club.
You hit the kobold but do no damage. You completely miss the adder.
The adder bites you. The kobold misses you.
You hit the adder. You barely miss the kobold. The adder misses you.
The kobold hits you but does no damage.
You hit the kobold.
You kill the kobold!
Trog accepts your kill.
You closely miss the adder. The adder bites you.
The adder bites you but does no damage. 😮 HP[-4]
You take 4 damage, and now have 22/30 hp.
You are too injured to fight recklessly!
You closely miss the goblin. You hit the adder.
An adder comes into view.
The goblin barely misses you. The adder barely misses you.
You are too injured to fight recklessly!
A red film seems to cover your vision as you go berserk!
You feel yourself moving faster!
You feel mighty! The goblin barely misses you.
The adder bites you but does no damage. 😕 HP[+12]
You now have 45 max hp (+15).
You regained 12 hp, and now have 34/45 hp.
You closely miss the goblin. You miss the adder. You completely miss the adder.
The goblin misses you. The adder bites you.
Unknown command. 😮 HP[-3]
You take 3 damage, and now have 31/45 hp.
You are too injured to fight recklessly!
You closely miss the goblin. You miss the adder. You slash the adder!
You kill the adder!
Trog accepts your kill. The adder misses you. The goblin barely misses you.
You are too injured to fight recklessly!
You miss the goblin. You barely miss the adder.
The adder bites you but does no damage. 😮 HP[+1] Unknown command.
You are too injured to fight recklessly!
Unknown command.
You are too injured to fight recklessly!
You barely miss the adder. You barely miss the goblin.
The adder closely misses you.
The goblin hits you with a +0 club. 😮 HP[-1]
You take 1 damage, and now have 31/45 hp.
You barely miss the adder. You barely miss the goblin. The adder bites you.
The goblin hits you with a +0 club.
You are too injured to fight recklessly! 😮 HP[-4]
You take 4 damage, and now have 27/45 hp.
Unknown command.
You miss the adder. You closely miss the goblin. The adder closely misses you.
The goblin hits you with a +0 club. 😮 HP[-3]
You take 3 damage, and now have 24/45 hp.
Unknown command.
You slash the adder!
You kill the adder!
Trog accepts your kill.
You slash the goblin!
You feel the power of Trog in you as your rage grows.
You kill the goblin!
Trog accepts your kill.
You can now call upon Trog for regeneration and willpower.
Your Fighting skill increases to level 4!
Items here: ( )) †. 😮 HP[+1]
You feel a strong urge to attack something.
Unknown command.
You feel your anger nearly subside.
You are no longer berserk.
You are exhausted.
You feel yourself slow down. 😮 HP[-8]
You now have 30 max hp (-15).
Unknown command. 😮 HP[+1]
You feel yourself speed up.
You recover from your berserk rage.
Key pressed, stopping explore.
Unknown command. 😕 HP[+10]
You regained 10 hp, and now have 28/30 hp.
You now have 108 gold pieces (gained 15).
g - 2 purple potions (gained 1)
You sense a monster nearby. 😎 HP[+2]
Your hp is fully restored (30).
e - 2 scrolls labelled ULEILO NIR GAS (gained 1) Key pressed, stopping explore.
A ball python comes into view.
Found a stone staircase leading down.
The ball python hisses angrily.
A ball python is nearby!
A ball python is nearby!
The ball python misses you. The ball python grabs you.
The ball python constricts you.
Okay, then.
Are you sure you want to abandon this character and quit the game? (Confirm with "yes".)

Skill      XL: |  1  2  3 |
---------------+----------+-----
Axes           | 3 |  3.6
Fighting       | 4 |  4.0
Armour         | |  1.7
Dodging        | |  1.7

Action                   || total
-------------------------++-------
Melee: Hand axe          ||    80
       Punch             ||     1
Invok: Berserk           ||     2
  Use: Scroll            ||     3
 Stab: Sleeping          ||     1
Armor: Animal skin       ||    26
Dodge: Dodged            ||    72

Levels and vault maps discovered:
D:1:      dpeg_arrival_rooms_c, layout_basic
D:2:      layout_basic, minivault_26, minmay_vboxes

Notes
Turn   | Place    | Note
-------+----------+-------------------------------------------
     0 | D:1      | ytrimaz the Demonspawn Berserker began the quest for the
                  | Orb.
     0 | D:1      | Reached XP level 1. HP: 18/18 MP: 1/1
     0 | D:1      | magus.rc [v1.9.6]
   103 | D:1      | HP: 3/18 [endoplasm (2)]
   109 | D:1      | Reached skill level 3 in Axes
   109 | D:1      | Gained mutation: You have a pair of small antennae on your
                  | head. [demonic ancestry]
   109 | D:1      | Reached XP level 2. HP: 6/24 MP: 2/2
   838 | D:2      | Gained mutation: You have a pair of antennae on your head.
                  | [demonic ancestry]
   838 | D:2      | Reached XP level 3. HP: 29/30 MP: 3/3
  1001 | D:2      | Reached ** piety under Trog
  1002 | D:2      | Reached skill level 4 in Fighting
  1101 | D:2      | Quit the game

Vanquished Creatures
  3 adders (D:2)
  A dart slug (D:2)
  2 endoplasms (D:1)
  2 giant cockroaches (D:2)
  6 hobgoblins
  A quokka (D:2)
  5 ball pythons
  6 bats
  5 goblins
  2 kobolds (D:2)
  A rat (D:2)
34 creatures vanquished.

Table legend:
 A = Non-vault XP
 B = Vault XP
 C = Vault XP percentage of total XP
 D = Non-vault monster count
 E = Vault monster count
 F = Vault count percentage of total count
                 A         B        C        D         E       F
            +---------+---------+-------+---------+---------+-------
      Total |      63 |      31 |  33.0 |      30 |       4 |  11.8
            +---------+---------+-------+---------+---------+-------
        D:1 |      26 |       0 |   0.0 |      16 |       0 |   0.0
        D:2 |      37 |      31 |  45.6 |      14 |       4 |  22.2
            +---------+---------+-------+---------+---------+-------

Illustrated notes

Table legend:
 A = Kills in this place as a percentage of kills in entire the game.
 B = Kills by you in this place as a percentage of kills by you in the entire game.
 C = Kills by friends in this place as a percentage of kills by friends in the entire game.
 D = Other kills in this place as a percentage of other kills in the entire game.
 E = Experience gained in this place as a percentage of experience gained in the entire game.
 F = Experience gained in this place divided by the number of levels of this place that you have seen.
                   A       B       C       D       E      F
               +-------+-------+-------+-------+-------+----------------------
         Total | 100.0 | 100.0 |   N/A |   N/A | 100.0 |  47.0
       Dungeon | 100.0 | 100.0 |   N/A |   N/A | 100.0 |  47.0
               +-------+-------+-------+-------+-------+----------------------

Table legend: (Time is in decaauts)
 A = Elapsed time spent in this place.
 B = Non-inter-level travel time spent in this place.
 C = Inter-level travel time spent in this place.
 D = Time resting spent in this place.
 E = Time spent auto-exploring this place.
 F = Levels seen in this place.
 G = Mean time per level.
                   A        B        C        D        E       F      G
               +--------+--------+--------+--------+--------+-----+--------+
         Total |   1131 |   1097 |     34 |      1 |    848 |   2 |  565.5 |
       Dungeon |   1131 |   1097 |     34 |      1 |    848 |   2 |  565.5 |
               +--------+--------+--------+--------+--------+-----+--------+

Top non-repeatable levels by time:
     D:1: 759 daAuts
     D:2: 372 daAuts
